AoeStats
← ketil_ars

Arabian Desert

510857958Analyzed
1v1 RM · 1d ago on Oct 2, 2026· 22m 54s· 2 players
Game mode
Random Map
Map size
Tiny (2 player)
Population
200
Speed
Normal
Resources
Standard
Victory
Conquest
Starting age
Dark Age
Ending age
Imperial Age
RankedLock teamsTeams togetherTeam positionsShared explorationLock speedFull tech treeHidden civsTurbo modeCheats
Victory
Defeat
🇦🇷 Goths · Argentina
765
+15
🇬🇪 Teutons · Georgia
751
-15
ketil_ars
5:52 Loom
11:56 Feudal Age
Mek666nix
3:46 Loom
11:13 Feudal Age
11:22 Man-at-Arms
20:11 Horse Collar
23:08 Scale Mail Armor
23:18 Forging
Connection lost

Rejoining the realm…

Still unreachable

The connection could not be restored.

Session expired

The server has moved on; the page needs a fresh start.